 Dungeon Crawl Stone Soup version 0.19.1 (webtiles) character file.

252508 esteth the Peltast (level 18, 0/140 HPs)
             Began as a Demonspawn Abyssal Knight on Dec 22, 2016.
             Was a High Priest of Lugonu.
             Shot with an arrow by a deep elf master archer (12 damage)
             ... on level 3 of the Elven Halls.
             The game lasted 03:13:34 (41507 turns).

esteth the Peltast (Demonspawn Abyssal Knight)     Turns: 41507, Time: 03:13:35

Health: 0/140      AC: 41    Str: 22    XL:     18   Next: 97%
Magic:  0/28       EV: 10    Int: 19    God:    Lugonu [*****.]
Gold:   2814       SH:  0    Dex: 18    Spells: 1 memorised, 24 levels left

rFire  x . .     SeeInvis .     o - +8 demon trident (distort)
rCold  + + +     Gourm    .     x - +8 orange crystal plate armour {Archmagi, Int+3 Clar}
rNeg   + + .     Faith    .     T - +2 shield {rC+}
rPois  +         Spirit   +     (helmet restricted)
rElec  .         Reflect  .     E - +2 cloak {MR+}
rCorr  .         Harm     .     A - +1 pair of gloves of Benn {Stlth+}
MR     +++..     Clarity  +     q - +2 pair of boots
Stlth  ..........               t - amulet of rage
                                O - ring "Cacefyo" {Ice rN+ Str+3 Dex+4}
                                S - ring "Cixtauz" {rPois rC+ rN+ AC+2}

@: confused, about to teleport, engulfed (cannot breathe), repel missiles
A: horns 2, repulsion field 3, berserk 1, clever 1, magic resistance 1, powered
by death 1, regeneration 1, screaming 1, magic shield, magic regeneration, magic
link
a: Depart the Abyss, Bend Space, Banish, Corrupt, Enter the Abyss, Renounce
Religion, Evoke Berserk Rage
}: 2/15 runes: decaying, serpentine


You were on level 3 of the Elven Halls.
You worshipped Lugonu.
Lugonu was extremely pleased with you.
You were hungry.

You visited 6 branches of the dungeon, and saw 34 of its levels.
You visited the Abyss 2 times.

You collected 4229 gold pieces.
You spent 1415 gold pieces at shops.

Inventory:

Hand Weapons
 m - a +0 quick blade of distortion
 o - a +8 demon trident of distortion (weapon)
 u - the +9 staff of Olgreb {rPois}
   (You found it on level 8 of the Dungeon)

   It protects you from poison.
Armour
 q - a +2 pair of boots (worn)
 x - the +8 orange crystal plate armour (worn) {Archmagi, Int+3 Clar}
   (You found it on level 6 of the Dungeon)

   It affects your intelligence (+3).
   It protects you against confusion.
 A - the +1 pair of gloves of Benn (worn) {Stlth+}
   (You found it on level 15 of the Dungeon)

   It makes you more stealthy.
 E - a +2 cloak of magic resistance (worn)
 T - a +2 shield of cold resistance (worn)
Jewellery
 c - a +3 amulet of reflection
 n - the ring of Yssimeap {rCorr Int+2}
   (You found it on level 15 of the Dungeon)

   [ring of resist corrosion]

   It affects your intelligence (+2).
 t - an amulet of rage (around neck)
 O - the ring "Cacefyo" (right hand) {Ice rN+ Str+3 Dex+4}
   (You found it on level 15 of the Dungeon)

   [ring of ice]

   It enhances your ice magic.
   It affects your strength (+3).
   It affects your dexterity (+4).
   It makes you vulnerable to fire.
   It protects you from cold.
   It protects you from negative energy.
 S - the ring "Cixtauz" (left hand) {rPois rC+ rN+ AC+2}
   (You found it on level 15 of the Dungeon)

   [ring of protection]

   It affects your AC (+2).
   It protects you from cold.
   It protects you from poison.
   It protects you from negative energy.
 V - an uncursed amulet of regeneration
Wands
 k - a wand of iceblast (9/15)
 y - a wand of flame (29/48)
 F - a wand of disintegration (22/24)
 W - a wand of enslavement (20/24)
Scrolls
 i - a scroll of brand weapon
 j - 4 scrolls of identify
 s - 7 scrolls of recharging
 w - a scroll of acquirement
 C - a scroll of fear
 G - a scroll of fog
 L - 7 scrolls of magic mapping
 X - 13 scrolls of remove curse
 Z - 2 scrolls of teleportation
Potions
 a - a potion of agility
 b - 2 potions of magic
 d - 5 potions of flight
 z - a potion of cure mutation
 M - 8 potions of might
Books
 r - a book of Clouds

   Spells                             Type                      Level
   a - Mephitic Cloud                 Conjuration/Poison/Air       3
   b - Conjure Flame                  Conjuration/Fire             3
   c - Poisonous Cloud                Conjuration/Poison/Air       6
   d - Freezing Cloud                 Conjuration/Ice/Air          6
   e - Ring of Flames                 Charms/Fire                  7
 v - Roxanne's Papyrus of Transformation
   (You took it off Roxanne on level 1 of the Abyss)

   Spells                             Type                      Level
   a - Passwall                       Transmutation/Earth          2
   b - Alistair's Intoxication        Transmutation/Poison         5
   c - Statue Form                    Transmutation/Earth          6
   d - Hydra Form                     Transmutation                6
 B - a Young Poisoner's Handbook

   Spells                             Type                      Level
   a - Sting                          Conjuration/Poison           1
   b - Mephitic Cloud                 Conjuration/Poison/Air       3
   c - Olgreb's Toxic Radiance        Poison                       4
   d - Alistair's Intoxication        Transmutation/Poison         5
   e - Venom Bolt                     Conjuration/Poison           5
 K - a book of the Dragon

   Spells                             Type                      Level
   a - Flame Tongue                   Conjuration/Fire             1
   b - Cause Fear                     Hexes                        4
   c - Bolt of Fire                   Conjuration/Fire             6
   d - Dragon Form                    Transmutation                7
   e - Dragon's Call                  Summoning                    9
 N - a book of Battle

   Spells                             Type                      Level
   a - Infusion                       Charms                       1
   b - Shroud of Golubria             Charms/Translocation         2
   c - Song of Slaying                Charms                       2
   d - Spectral Weapon                Hexes/Charms                 3
   e - Regeneration                   Charms/Necromancy            3
 R - a book of Spatial Translocations

   Spells                             Type                      Level
   a - Blink                          Translocation                2
   b - Shroud of Golubria             Charms/Translocation         2
   c - Lesser Beckoning               Translocation                3
   d - Portal Projectile              Translocation                3
   e - Teleport Other                 Translocation                3
   f - Passage of Golubria            Translocation                4
 Y - a book of Power

   Spells                             Type                      Level
   a - Fulminant Prism                Conjuration/Hexes            4
   b - Iskenderun's Mystic Blast      Conjuration                  4
   c - Venom Bolt                     Conjuration/Poison           5
   d - Bolt of Magma                  Conjuration/Fire/Earth       5
   e - Iron Shot                      Conjuration/Earth            6
   f - Orb of Destruction             Conjuration                  7
   g - Spellforged Servitor           Conjuration/Summoning        7
Miscellaneous
 I - a phantom mirror
Comestibles
 f - 7 meat rations
 g - 27 fruits
 h - 7 royal jellies
 l - 13 slices of pizza
 p - 15 beef jerkies
 U - 11 bread rations


   Skills:
 * Level 12.0 Fighting
 - Level 12.7(14.1) Polearms
 - Level 10.6(13.1) Staves
 * Level 12.6 Armour
 - Level 2.0 Dodging
 - Level 15.0 Shields
 - Level 6.0 Spellcasting
 - Level 7.0 Conjurations
 - Level 3.1 Poison Magic
 - Level 10.3 Invocations
 - Level 13.6 Evocations


You had 24 spell levels left.
You knew the following spells:

 Your Spells              Type           Power        Failure   Level  Hunger
a - Venom Bolt            Conj/Pois      #####.....   100%        5    #####..


Dungeon Overview and Level Annotations

Branches:
Dungeon (15/15)            Temple (0/1) D:4            Lair (6/6) D:11
  Swamp (4/4) Lair:2        Snake (4/4) Lair:3        Slime (0/5) Lair:6
    Orc (2/2) D:9             Elf (3/3) Orc:2        Vaults (0/5) D:13
 Depths (0/5) D:15

Altars:
Cheibriados
Dithmenos
Hepliaklqana
Kikubaaqudgha
Okawaru
Qazlal
Vehumet
Beogh
Jiyva

Shops:
D:5 *   D:7 [   D:11 ?   D:15 ([}   Orc:2 [!!:   Snake:1 *

Portals:
Trove: D:11 (give +8 demon whip)

Annotations:
D:3 esteth's ghost, amateur TrMo
D:5 Prince Ribbit
D:7 4 runed doors
D:8 1 runed door
D:15 corrupted
Swamp:4 corrupted
Snake:1 1 runed door
Snake:4 corrupted
Elf:3 corrupted
Abyss:1 Asterion


Innate Abilities, Weirdness & Mutations

You have a pair of horns on your head.
You are surrounded by a strong repulsion field. (EV +4, RMsl)
You regenerate a little health from kills.
When hurt, damage is shared between your health and your magic reserves.
You regenerate magic rapidly.
When low on magic, you restore magic in place of health.
You tend to lose your temper in combat.
Your mind is acute. (Int +2)
You are resistant to hostile enchantments. (MR+)
Your natural rate of healing is unusually fast.
You occasionally shout uncontrollably at your foes.


Message History

The deep elf elementalist is engulfed in roaring flames.
The deep elf master archer shoots an arrow.
You block the arrow. You block the earth elemental's attack.
The deep elf master archer shoots an arrow.
The arrow hits you!
* * * LOW HITPOINT WARNING * * *
The water elemental hits you.
The water elemental engulfs you in water!
The scimitar of freezing hits you but does no damage.
You cannot read scrolls while unable to breathe!
You are confused.
You feel invigorated.
* * * LOW HITPOINT WARNING * * *
Your lungs strain for air!
The fire elemental disappears in a puff of smoke!
The ghostly deep elf mage misses you.
The deep elf knight mumbles some strange words.
The deep elf master archer shoots an arrow.
The arrow hits you!!
You die...

###.##### ##.#'#####+### ##.#
.#)## ##...## #.# ##.## #.##
#.....# ##'####.### ).# ###
##.ss## ##...##.## # .## ###.###
##E## ##.....'## ..####.....#
###'####.......##### ..'..'.....#
#EEEs.##.......'.... ..####.....#
#EeEEE##.......##### .##
###.#'###.§@E§###...).## '#####
####.###e(e###'#...#### #'##.###
##.EeEee##.#######.###
##.....######§eE§§#'## ###.....##
.........##......e.## #.........
§§......§...(......e####.........
§...§...§'..((......'[))..)..)...
.§......§#.)........##..(.(.(....
(.)......#...#.....## #.....(...


You could see 2 deep elf master archers, a deep elf elementalist, a demonic
crawler, 2 deep elf knights, a ghostly deep elf high priest, 9 earth elementals,
a water elemental, 2 deep elf magi, a ghostly deep elf mage, 2 fire elementals,
a tarantella, a redback and a scimitar of freezing.

Vanquished Creatures
  Rupert (D:14)
  A deep elf blademaster (Elf:3)
  4 thorn hunters
  Kirke (D:15)
  Roxanne (Abyss:1)
  2 nagarajas
  3 deep elf sorcerers (Elf:3)
  Aizul (Elf:1)
  A frost giant (D:15)
  A deep elf elementalist (Elf:3)
  A deep elf demonologist (Elf:3)
  2 deep elf annihilators (Elf:3)
  Snorg (D:14)
  A green death (Abyss:1)
  A yaktaur captain (D:15)
  A fire dragon (D:15)
  A deep elf high priest (Elf:3)
  4 vault guards (D:15)
  A rakshasa (Abyss:1)
  7 centaur warriors
  19 hydras
  A ghost crab (Swamp:1)
  3 naga warriors
  A deep troll shaman (D:15)
  3 catoblepae (Lair:6)
  7 alligators
  6 anacondas
  4 ogre magi
  16 dancing weapons
  3 tengu warriors
  The ghost of Mefis the Thaumaturge, a journeyman DEWz of Sif Muna (D:12)
  16 death yaks (Lair:6)
  A spriggan berserker (Swamp:3)
  2 orc high priests
  5 naga sharpshooters
  The ghost of Philosophy the Fighter, a novice CeHu of Okawaru (D:8)
  4 shock serpents
  12 deep elf knights
  3 large abominations (Abyss:1)
  9 skeletal warriors
  2 salamander mystics
  10 slime creatures
  A spatial maelstrom (Abyss:1)
  3 spriggan druids
  3 unseen horrors
  A wizard (D:13)
  11 deep elf archers
  6 swamp dragons
  3 naga ritualists
  9 hill giants
  Pikel (D:6)
  46 deep elf magi
  5 ugly things
  8 mana vipers
  A wolf spider (D:15)
  6 orc knights
  11 orc sorcerers
  7 cyclopes
  A manticore (D:11)
  9 salamanders
  9 elephants
  29 black mambas
  A guardian serpent (Snake:2)
  An oklob plant (Snake:2)
  A black mamba (shapeshifter) (D:13)
  A smoke demon (Abyss:1)
  An eye of devastation (shapeshifter) (Elf:2)
  2 centaur zombies (D:14)
  An orange demon (Abyss:1)
  7 naga magi
  14 spiny frogs
  3 rime drakes
  2 yaktaurs (D:15)
  An efreet (D:15)
  4 kobold demonologists
  An ancient zyme (Abyss:1)
  A freezing wraith (D:15)
  A hellwing (Abyss:1)
  9 komodo dragons
  A tengu conjurer (D:15)
  7 trolls
  A harpy zombie (D:14)
  A polar bear (Lair:4)
  3 meliai (D:15)
  A two-headed ogre (D:11)
  A jumping spider (shapeshifter) (D:13)
  7 tyrant leeches
  15 hippogriffs
  3 raiju (Abyss:1)
  5 hornets
  Grinder (D:5)
  13 blink frogs
  5 bog bodies
  10 dream sheep
  A redback (D:15)
  2 air elementals (Elf:2)
  A ynoxinul (Abyss:1)
  A flying skull (Abyss:1)
  3 fire elementals
  5 shadows
  A vampire (D:13)
  3 water elementals
  A yak (shapeshifter) (D:15)
  3 wyverns
  57 yaks
  3 spriggans (Swamp:3)
  Eustachio (D:6)
  A human (shapeshifter) (D:15)
  15 vampire mosquitoes
  A hog (D:15)
  2 neqoxecs (Abyss:1)
  2 hungry ghosts
  2 basilisks
  A human (D:15)
  4 mottled dragons
  A spatial vortex (Abyss:1)
  28 nagas
  6 soldier ants
  A warg (D:9)
  22 swamp worms
  9 insubstantial wisps
  7 water moccasins
  4 floating eyes (D:15)
  8 porcupines
  A black bear (D:9)
  3 eyes of draining
  9 swamp drakes
  18 orc warriors
  6 phantoms
  4 sky beasts
  4 necrophages
  2 starcursed masses (Abyss:1)
  2 ice beasts
  18 centaurs
  17 ogres
  7 wolves (Lair:6)
  10 crocodiles
  2 big kobolds (D:14)
  17 bullfrogs
  An earth elemental (Elf:1)
  A wyvern zombie (D:12)
  A small abomination (Abyss:1)
  4 scorpions
  21 killer bees
  9 wights
  2 electric eels
  2 bullfrog zombies
  2 howler monkeys
  5 crimson imps
  7 hounds
  3 quasits
  A bullfrog skeleton (D:12)
  7 centaur skeletons
  35 orc wizards
  13 orc priests
  5 jellies
  3 iguanas
  15 worker ants
  A hound zombie (D:6)
  A hound skeleton (D:5)
  2 howler monkey zombies
  4 gnolls (D:9)
  21 adders
  2 howler monkey skeletons (D:5)
  A shadow imp (D:14)
  An ufetubus (Abyss:1)
  An ooze (D:2)
  2 adder zombies
  An adder skeleton (D:9)
  3 worms (D:2)
  A dart slug (D:1)
  4 leopard geckos
  101 orcs
  5 bats
  2 giant cockroaches
  9 goblins
  8 hobgoblins
  13 jackals
  9 kobolds
  5 quokkas
  A ball python skeleton (D:4)
  7 frilled lizards
  A jackal skeleton (D:4)
  2 leopard gecko skeletons
  A leopard gecko zombie (D:6)
  A quokka zombie (D:5)
  5 rats
  A butterfly (D:10)
  A fungus (Lair:6)
  A plant (D:11)
1131 creatures vanquished.

Vanquished Creatures (others)
  the Lernaean hydra (Swamp:4)
  A deep elf blademaster (Elf:3)
  A tentacled starspawn (Abyss:1)
  5 nagarajas (Snake:4)
  A deep elf elementalist (Elf:3)
  2 deep elf death magi (Elf:3)
  A yaktaur captain (D:15)
  A deep elf high priest (Elf:3)
  4 naga warriors (Snake:4)
  7 hydras (Swamp:4)
  A rakshasa (D:15)
  5 dancing weapons
  5 deep elf knights
  8 naga sharpshooters (Snake:4)
  Urug (D:15)
  A wretched star (Abyss:1)
  A shock serpent (Snake:4)
  3 skeletal warriors (D:15)
  2 shambling mangroves (Swamp:4)
  2 deep elf archers
  A deep troll (shapeshifter) (D:15)
  2 naga ritualists (Snake:4)
  4 swamp dragons (Swamp:4)
  5 deep elf magi
  A salamander (Snake:4)
  A guardian serpent (Snake:4)
  18 naga magi (Snake:4)
  3 black mambas (Snake:4)
  2 apocalypse crabs (Abyss:1)
  5 hornets (Swamp:4)
  A spriggan (Swamp:4)
  A shadow (Swamp:4)
  4 humans (D:15)
  2 swamp worms (Swamp:4)
  14 nagas (Snake:4)
  5 swamp drakes
  3 slaves (D:6)
  A centaur (D:15)
  2 orc priests (D:6)
  2 orc wizards (Orc:2)
  A hound zombie (D:6)
  2 orcs (D:6)
  A briar patch (Swamp:1)
  2 bushes (Abyss:1)
  6 fungi
  8 plants
  18 starspawn tentacles
168 creatures vanquished.

Grand Total: 1299 creatures vanquished

Notes
Turn   | Place    | Note
-------+----------+-------------------------------------------
     0 | Abyss:1  | esteth the Demonspawn Abyssal Knight began the quest for the Orb.
     0 | Abyss:1  | Reached XP level 1. HP: 18/18 MP: 2/2
     6 | D:1      | Escaped the Abyss
   353 | D:1      | Gained mutation: You have a pair of small horns on your head. [demonic ancestry]
   353 | D:1      | Reached XP level 2. HP: 24/24 MP: 3/3
   723 | D:2      | Gained mutation: You regenerate a little health from kills. [demonic ancestry]
   723 | D:2      | Reached XP level 3. HP: 18/29 MP: 4/4
   955 | D:2      | Reached ** piety under Lugonu
  1460 | D:3      | Noticed esteth's ghost (amateur TrMo)
  1483 | D:2      | Reached XP level 4. HP: 19/35 MP: 5/5
  2456 | D:4      | Found a staircase to the Ecumenical Temple.
  2512 | D:3      | Noticed Grinder
  2547 | D:5      | Entered Level 5 of the Dungeon
  2861 | D:4      | Gained mutation: You are surrounded by a mild repulsion field. (EV +2) [demonic ancestry]
  2861 | D:4      | Reached XP level 5. HP: 36/41 MP: 6/6
  2980 | D:4      | Noticed a phantom
  3016 | D:4      | Killed a phantom
  3016 | D:4      | Reached skill level 5 in Polearms
  3352 | D:4      | Noticed an ogre
  3623 | D:3      | HP: 1/41 [esteth's ghost (4)]
  4094 | D:4      | Killed an ogre
  4094 | D:4      | Gained mutation: When hurt, damage is shared between your health and your magic reserves. [demonic ancestry]
  4094 | D:4      | Reached XP level 6. HP: 19/47 MP: 7/7
  4505 | D:5      | Paralysed by Grinder for 4 turns
  4524 | D:5      | Killed Grinder
  4524 | D:5      | Reached XP level 7. HP: 33/52 MP: 5/8
  4692 | D:5      | Reached skill level 1 in Dodging
  4728 | D:5      | Noticed Prince Ribbit
  5434 | D:5      | Found Ziad's Assorted Antiques.
  5442 | D:5      | Bought a potion of berserk rage for 120 gold pieces
  5589 | D:6      | Reached XP level 8. HP: 58/60 MP: 9/9
  5739 | D:6      | Noticed Pikel
  5783 | D:6      | Killed Pikel
  6077 | D:6      | Reached *** piety under Lugonu
  6078 | D:6      | Noticed Eustachio
  6110 | D:6      | Killed Eustachio
  6110 | D:6      | Reached skill level 5 in Armour
  6205 | D:6      | Reached XP level 9. HP: 58/63 MP: 10/10
  6749 | D:7      | Noticed a polar bear
  6749 | D:7      | Noticed a death yak
  6749 | D:7      | Noticed a polar bear
  6750 | D:7      | Found a huge runed gate.
  6750 | D:7      | Found a huge runed gate.
  6750 | D:7      | Found a huge runed gate.
  6750 | D:7      | Noticed a polar bear
  6751 | D:7      | Noticed a polar bear
  6751 | D:7      | Found a huge runed gate.
  6751 | D:7      | Noticed a polar bear
  6751 | D:7      | Noticed a death yak
  7180 | D:7      | Found Qecimn's Antique Armour Shoppe.
  7286 | D:8      | Reached skill level 5 in Invocations
  7475 | D:8      | Noticed Philosophy's ghost (novice CeHu)
  7534 | D:8      | Killed Philosophy's ghost
  7624 | D:8      | Found a snail-covered altar of Cheibriados.
  7629 | D:8      | Found a shadowy altar of Dithmenos.
  7644 | D:8      | Found an iron altar of Okawaru.
  7718 | D:8      | Found a runed gate.
  7718 | D:8      | Found a runed door.
  7823 | D:8      | Found a runed door.
  7931 | D:8      | Found a runed gate.
  7947 | D:8      | Found a runed gate.
  8038 | D:8      | Reached XP level 10. HP: 69/69 MP: 14/16
  8039 | D:8      | Reached skill level 10 in Polearms
  8129 | D:8      | Reached **** piety under Lugonu
  8704 | D:8      | Found a stormy altar of Qazlal.
  8868 | D:8      | Got a scorched war axe
  8922 | D:8      | Found a hazy altar of Hepliaklqana.
  9138 | D:9      | Found a staircase to the Orcish Mines.
  9697 | D:9      | Reached skill level 1 in Evocations
  9704 | D:9      | Reached skill level 1 in Staves
  9709 | D:9      | Reached ***** piety under Lugonu
 10058 | D:10     | Entered Level 10 of the Dungeon
 10315 | D:10     | Noticed a hill giant
 10333 | D:10     | Noticed a skeletal warrior
 10335 | D:10     | Noticed a skeletal warrior
 10335 | D:10     | Noticed a skeletal warrior
 10514 | D:10     | Killed a hill giant
 10514 | D:10     | Reached XP level 11. HP: 67/78 MP: 14/17
 10529 | D:10     | Noticed a skeletal warrior
 10531 | D:10     | Killed an unseen horror
 10613 | D:10     | Killed a skeletal warrior
 10632 | D:10     | Killed a skeletal warrior
 10960 | D:10     | Killed a skeletal warrior
 10993 | D:10     | Killed a skeletal warrior
 10993 | D:10     | Reached skill level 5 in Evocations
 11409 | D:10     | Noticed a hill giant
 11441 | D:10     | Killed a hill giant
 11441 | D:10     | Reached skill level 5 in Staves
 11449 | D:10     | Learned a level 5 spell: Venom Bolt
 11563 | D:10     | Reached skill level 1 in Spellcasting
 11629 | D:11     | Found a staircase to the Lair.
 11643 | D:11     | Noticed a hill giant
 11655 | D:11     | Killed a hill giant
 11665 | D:11     | Reached skill level 1 in Conjurations
 11665 | D:11     | Reached skill level 1 in Poison Magic
 11674 | D:11     | Killed an unseen horror
 12087 | D:11     | Noticed a hill giant
 12088 | D:11     | Noticed a four-headed hydra
 12124 | D:11     | Killed a four-headed hydra
 12124 | D:11     | Reached skill level 10 in Invocations
 12133 | D:11     | Killed a hill giant
 12133 | D:11     | Reached XP level 12. HP: 33/85 MP: 7/19
 12527 | D:11     | Found a portal to a secret trove of treasure.
 12730 | D:11     | Found Cyfeinee's Magic Scroll Shoppe.
 12738 | D:11     | Bought a scroll of blinking for 75 gold pieces
 12738 | D:11     | Bought a scroll of blinking for 75 gold pieces
 12980 | Lair:1   | Entered Level 1 of the Lair of Beasts
 13020 | Lair:1   | Reached skill level 5 in Fighting
 13153 | Lair:1   | Noticed a four-headed hydra
 13165 | Lair:1   | Killed a four-headed hydra
 14331 | Lair:2   | Found a staircase to the Swamp.
 15191 | Lair:3   | Found a staircase to the Snake Pit.
 15224 | Lair:3   | Noticed a seven-headed hydra
 15237 | Lair:3   | Killed a seven-headed hydra
 15303 | Lair:3   | Reached ****** piety under Lugonu
 15715 | Lair:4   | Reached XP level 13. HP: 78/95 MP: 16/20
 15968 | Lair:4   | Reached skill level 5 in Conjurations
 15982 | Lair:4   | Reached skill level 10 in Staves
 17460 | Lair:5   | Gained mutation: You tend to lose your temper in combat. [potion of mutation]
 17460 | Lair:5   | Gained mutation: You are resistant to hostile enchantments. (MR+) [potion of mutation]
 17460 | Lair:5   | Gained mutation: Your natural rate of healing is unusually fast. [potion of mutation]
 18236 | Lair:6   | Entered Level 6 of the Lair of Beasts
 18543 | Lair:6   | Found a staircase to the Slime Pits.
 18545 | Lair:6   | Found a viscous altar of Jiyva.
 18554 | Lair:6   | Got a dazzling cloak
 19039 | Lair:6   | Identified a +4 rod of ignition (10/10) (You found it on level 6 of the Lair of Beasts)
 19107 | Lair:6   | Gained mutation: You are surrounded by a moderate repulsion field. (EV +3) [demonic ancestry]
 19107 | Lair:6   | Reached XP level 14. HP: 96/101 MP: 13/21
 19428 | Lair:6   | Reached skill level 10 in Evocations
 20586 | Orc:1    | Entered Level 1 of the Orcish Mines
 21068 | Orc:1    | Found a roughly hewn altar of Beogh.
 21173 | Orc:2    | Entered Level 2 of the Orcish Mines
 21595 | Orc:2    | Found a staircase to the Elven Halls.
 21955 | Orc:2    | Found Vaoq's Antique Armour Shoppe.
 21992 | Orc:2    | Found a radiant altar of Vehumet.
 22046 | Orc:2    | Found Oxzep's Distillery.
 22115 | Orc:2    | Found a roughly hewn altar of Beogh.
 22115 | Orc:2    | Found Divis's Book Shoppe.
 22115 | Orc:2    | Found Vajon's Distillery.
 22251 | Orc:2    | Found an ancient bone altar of Kikubaaqudgha.
 22626 | D:12     | Reached skill level 1 in Shields
 22683 | D:12     | Noticed Mefis's ghost (journeyman DEWz)
 22702 | D:12     | Killed Mefis's ghost
 22766 | D:12     | Reached skill level 2 in Shields
 22839 | D:12     | Reached skill level 3 in Shields
 23185 | D:12     | Reached skill level 4 in Shields
 23185 | D:12     | Gained mutation: You regenerate magic rapidly. [demonic ancestry]
 23185 | D:12     | Reached XP level 15. HP: 61/107 MP: 11/25
 23391 | D:13     | Found Radejacu's Food Shop.
 23396 | D:13     | Bought a slice of pizza for 21 gold pieces
 23396 | D:13     | Bought a beef jerky for 21 gold pieces
 23396 | D:13     | Bought a slice of pizza for 21 gold pieces
 23396 | D:13     | Bought a bread ration for 70 gold pieces
 23396 | D:13     | Bought a meat ration for 70 gold pieces
 23396 | D:13     | Bought a meat ration for 70 gold pieces
 23396 | D:13     | Bought a meat ration for 70 gold pieces
 23396 | D:13     | Bought a bread ration for 70 gold pieces
 23396 | D:13     | Bought a bread ration for 70 gold pieces
 23396 | D:13     | Bought 3 fruits for 63 gold pieces
 23396 | D:13     | Bought a beef jerky for 21 gold pieces
 23396 | D:13     | Bought a royal jelly for 28 gold pieces
 23462 | D:13     | Reached skill level 5 in Shields
 23671 | D:13     | Reached skill level 6 in Shields
 24113 | D:13     | Reached skill level 7 in Shields
 24124 | D:13     | Found a gate to the Vaults.
 24528 | D:14     | Noticed Snorg
 24529 | D:14     | Noticed Rupert
 24550 | D:14     | Killed Rupert
 24550 | D:14     | Reached skill level 8 in Shields
 24560 | D:14     | Killed Snorg
 25201 | D:15     | Entered Level 15 of the Dungeon
 25235 | D:15     | Paralysed by a floating eye for 4 turns
 25240 | D:15     | Reached skill level 9 in Shields
 25315 | D:15     | Noticed a frost giant
 25316 | D:15     | Banished a frost giant
 25402 | D:15     | Got a shimmering platinum ring
 25403 | D:15     | Identified the ring "Cacefyo" {Ice rN+ Str+3 Dex+4} (You found it on level 15 of the Dungeon)
 25471 | D:15     | Reached skill level 10 in Shields
 25493 | D:15     | Paralysed by a floating eye for 4 turns
 25524 | D:15     | Found a staircase to the Depths.
 25593 | D:15     | Got a brightly glowing lapis lazuli ring
 25668 | D:15     | Paralysed by a floating eye for 2 turns
 25700 | D:15     | Found Seust's Gadget Emporium.
 25829 | D:15     | Reached skill level 11 in Shields
 26044 | D:15     | Noticed Kirke
 26061 | D:15     | Killed Kirke
 26079 | D:15     | Got a pair of warped gloves
 26096 | D:15     | Identified the ring "Cixtauz" {rPois rC+ rN+ AC+2} (You found it on level 15 of the Dungeon)
 26151 | D:15     | Identified the +1 pair of gloves of Benn {Stlth+} (You found it on level 15 of the Dungeon)
 26176 | D:15     | Found Okhliot's Antique Weapon Boutique.
 26183 | D:15     | Gained mutation: You have a pair of horns on your head. [demonic ancestry]
 26183 | D:15     | Reached XP level 16. HP: 111/113 MP: 26/26
 26374 | D:15     | Corrupted D:15
 26374 | D:15     | Noticed a tentacled starspawn
 26378 | D:15     | Noticed a bone dragon
 26504 | D:15     | Killed Urug
 26534 | D:15     | Got a warped pewter ring
 26639 | D:15     | Found Ginaer's Antique Armour Emporium.
 26741 | D:15     | Reached skill level 12 in Shields
 27103 | Snake:1  | Entered Level 1 of the Snake Pit
 27143 | Snake:1  | Found Wiaxoss's General Store.
 27547 | Snake:1  | Found a runed door.
 27778 | Snake:1  | Reached skill level 13 in Shields
 28634 | Snake:2  | Found a hazy altar of Hepliaklqana.
 28796 | Snake:2  | Found Noescho's Food Shoppe.
 28797 | Snake:2  | You fall through a shaft!
 28932 | Snake:2  | Bought a meat ration for 65 gold pieces
 28932 | Snake:2  | Bought a meat ration for 65 gold pieces
 28932 | Snake:2  | Bought a bread ration for 65 gold pieces
 28932 | Snake:2  | Bought a meat ration for 65 gold pieces
 28932 | Snake:2  | Bought a beef jerky for 19 gold pieces
 28932 | Snake:2  | Bought a meat ration for 65 gold pieces
 28932 | Snake:2  | Bought a royal jelly for 26 gold pieces
 28932 | Snake:2  | Bought a slice of pizza for 19 gold pieces
 28932 | Snake:2  | Bought a slice of pizza for 19 gold pieces
 28932 | Snake:2  | Bought a meat ration for 65 gold pieces
 28932 | Snake:2  | Bought a beef jerky for 19 gold pieces
 28932 | Snake:2  | Bought 3 fruits for 58 gold pieces
 28993 | Snake:2  | Identified 2 scrolls of acquirement
 29018 | Snake:2  | Identified a +6 demon trident of distortion (a +4 antimagic demon trident corrupted by Lugonu)
 29018 | Snake:2  | Received a gift from Lugonu
 29220 | Snake:2  | Identified the ring of Yssimeap {rCorr Int+2} (You found it on level 15 of the Dungeon)
 30646 | Snake:3  | Reached skill level 14 in Shields
 31228 | Snake:4  | Entered Level 4 of the Snake Pit
 31586 | Snake:4  | Gained mutation: You are surrounded by a strong repulsion field. (EV +4, RMsl) [demonic ancestry]
 31586 | Snake:4  | Reached XP level 17. HP: 68/119 MP: 15/27
 32050 | Snake:4  | Corrupted Snake:4
 32050 | Snake:4  | Noticed a bone dragon
 32050 | Snake:4  | Noticed a bone dragon
 32050 | Snake:4  | Noticed a Hell Sentinel
 32197 | Snake:4  | Got a serpentine rune of Zot
 32513 | Swamp:1  | Entered Level 1 of the Swamp
 34495 | Swamp:3  | Reached skill level 15 in Shields
 34610 | Swamp:3  | Reached skill level 5 in Spellcasting
 34955 | Swamp:3  | Found a frozen archway.
 35738 | Swamp:4  | Entered Level 4 of the Swamp
 36083 | Swamp:4  | Noticed the 27-headed Lernaean hydra
 36085 | Swamp:4  | Corrupted Swamp:4
 36100 | Swamp:4  | Killed the 27-headed Lernaean hydra
 36307 | Swamp:4  | Got a decaying rune of Zot
 36622 | Elf:1    | Entered Level 1 of the Elven Halls
 37098 | Elf:1    | Noticed Asterion
 37212 | Elf:1    | Reached skill level 10 in Armour
 37487 | Elf:1    | Gained mutation: Your mind is acute. (Int +2) [potion of beneficial mutation]
 37532 | Elf:1    | Banished Asterion
 37659 | Elf:1    | Noticed Aizul
 37716 | Elf:1    | Killed Aizul
 37716 | Elf:1    | Gained mutation: When low on magic, you restore magic in place of health. [demonic ancestry]
 37716 | Elf:1    | Reached XP level 18. HP: 129/131 MP: 28/28
 37930 | Elf:2    | Found Voapuwn's Armour Emporium.
 38498 | Elf:2    | Found a huge runed gate.
 38498 | Elf:2    | Found a huge runed gate.
 38498 | Elf:2    | Found a huge runed gate.
 38498 | Elf:2    | Found a huge runed gate.
 38498 | Elf:2    | Found a huge runed gate.
 38793 | Elf:2    | Reached skill level 10 in Fighting
 38859 | Elf:2    | Noticed a shard shrike
 38859 | Elf:2    | Noticed a caustic shrike
 38859 | Elf:2    | a shard shrike changed into a caustic shrike
 38885 | Elf:2    | Noticed a golden dragon
 38888 | Elf:2    | Noticed a caustic shrike
 38888 | Elf:2    | a golden dragon changed into a caustic shrike
 38890 | Elf:2    | a caustic shrike changed into an acid blob
 38891 | Elf:2    | Noticed a juggernaut
 38891 | Elf:2    | an acid blob changed into a juggernaut
 38893 | Elf:2    | Noticed a shard shrike
 38893 | Elf:2    | a juggernaut changed into a shard shrike
 38965 | Elf:2    | Noticed a golden dragon
 38965 | Elf:2    | a shadow dragon changed into a golden dragon
 38966 | Elf:2    | a golden dragon changed into an iron dragon
 39485 | Elf:3    | Entered Level 3 of the Elven Halls
 39719 | Elf:3    | Noticed Roxanne
 39762 | Elf:3    | Banished Roxanne
 40243 | Elf:3    | Corrupted Elf:3
 40243 | Elf:3    | Noticed a bone dragon
 40829 | Abyss:1  | Found a corrupted altar of Lugonu.
 40881 | Abyss:1  | Killed Roxanne
 40883 | Abyss:1  | Identified Roxanne's Papyrus of Transformation (You took it off Roxanne on level 1 of the Abyss)
 41173 | Abyss:1  | Noticed a bone dragon
 41436 | Abyss:1  | Gained mutation: You occasionally shout uncontrollably at your foes. [a neqoxec]
 41462 | Elf:3    | Escaped the Abyss
 41507 | Elf:3    | Shot with an arrow by a deep elf master archer

Skill      XL: |  1  2  3  4  5  6  7  8  9 10 11 12 13 14 15 16 17 18 |
---------------+-------------------------------------------------------+-----
Polearms       | 2 3 4 6 7 9 10 11 12 | 12.7
Dodging        | 1 2 |  2.0
Armour         | 2 5 6 7 8 10 12 | 12.6
Invocations    | 8 9 10 | 10.3
Fighting       | 4 6 8 12 | 12.0
Evocations     | 3 5 9 13 | 13.6
Staves         | 3 6 9 10 | 10.6
Spellcasting   | 2 3 4 6 |  6.0
Conjurations   | 2 4 7 |  7.0
Poison Magic   | 2 3 |  3.1
Shields        | 4 11 14 15 | 15.0

Action                   |  1- 3 |  4- 6 |  7- 9 | 10-12 | 13-15 | 16-18 || total
-------------------------+-------+-------+-------+-------+-------+-------++-------
Melee: Spear             |   162 |   235 |       |    21 |       |       ||   418
       Headbutt          |    15 |    34 |   141 |   251 |   675 |   788 ||  1904
       Trident           |       |    17 |   750 |   390 |       |       ||  1157
       Staff             |       |       |       |   797 |  2122 |  2373 ||  5292
       Demon trident     |       |       |       |       |       |   748 ||   748
Invok: Bend Space        |       |       |       |       |     1 |     1 ||     2
       Banish            |       |       |       |       |     1 |     5 ||     6
       Corrupt           |       |       |       |       |       |     4 ||     4
       Brand Weapon With |       |       |       |       |       |     1 ||     1
       Enter the Abyss   |       |       |       |       |       |     1 ||     1
 Abil: Evoke Berserk Rag |       |       |       |       |     1 |       ||     1
Evoke: Staff of Olgreb   |       |       |       |     4 |    32 |     8 ||    44
       Wand              |       |       |       |       |       |     3 ||     3
  Use: Scroll            |     8 |       |     2 |     9 |    12 |    34 ||    65
       Potion            |     1 |     2 |     3 |     9 |    10 |    12 ||    37
 Stab: Distracted        |       |       |       |       |     1 |       ||     1
       Invisible         |       |       |       |       |       |     1 ||     1
  Eat: Chunk             |     2 |     4 |     6 |     6 |    19 |     4 ||    41
       Meat ration       |       |     1 |       |     1 |     1 |    10 ||    13
       Bread ration      |       |       |     2 |     3 |     4 |       ||     9
       Fruit             |       |       |     1 |       |       |     1 ||     2
       Pizza             |       |       |       |       |       |     1 ||     1
       Beef jerky        |       |       |       |       |       |     1 ||     1
Armor: Plate armour      |    90 |   163 |    85 |       |       |       ||   338
       Leather armour    |     2 |       |       |       |       |       ||     2
       Crystal plate arm |       |       |   460 |  1010 |  1478 |  1487 ||  4435
       Skin              |       |       |       |     4 |       |       ||     4
Dodge: Dodged            |    20 |    42 |    89 |   264 |   424 |   518 ||  1357
       Deflected         |       |       |       |       |       |    56 ||    56
Block: Large shield      |       |       |       |       |   546 |       ||   546
       Shield            |       |       |       |       |   113 |  1781 ||  1894
